[ AOE2 MATCH · #478200570 ]
UnrankedVietnamese vs Poles
[ REPLAY ANALYSIS · EXTRACTED FROM THE RECORDED GAME ]
Feudal
11:33
Castle
15:13
Imperial
34:54
| APM avg | 55.2 |
| APM peak | 120 |
| eAPM avg | 33.4 |
| Villagers / military | 194 / 858 |
Focus
⚔️ 46.8% · 🌾 53.2%
Spearman ×424 · Fire Lancer ×223 · Skirmisher ×156 · Battering Ram ×50 · Trade Cart ×49 · Scorpion ×4
Feudal
11:01
Castle
15:20
Imperial
28:40
| APM avg | 42.7 |
| APM peak | 83 |
| eAPM avg | 28.6 |
| Villagers / military | 155 / 839 |
Focus
⚔️ 40.5% · 🌾 59.5%
Knight ×603 · Scout Cavalry ×215 · Trebuchet (Packed) ×10 · Petard ×7 · Monk ×2 · Obuch ×2
Feudal
10:57
Castle
15:19
Imperial
27:27
| APM avg | 41.0 |
| APM peak | 77 |
| eAPM avg | 24.1 |
| Villagers / military | 181 / 409 |
Focus
⚔️ 34.8% · 🌾 65.2%
Archer ×315 · Spearman ×52 · Bombard Cannon ×36 · Trade Cart ×31 · Shotel Warrior ×5 · Monk ×1
Feudal
11:12
Castle
15:00
Imperial
29:38
| APM avg | 28.3 |
| APM peak | 68 |
| eAPM avg | 19.4 |
| Villagers / military | 182 / 534 |
Focus
⚔️ 39.8% · 🌾 60.2%
Spearman ×532 · Unknown (1968) ×64 · Unknown (1974) ×47 · Unknown (1942) ×18 · Trade Cart ×7 · Unknown (1978) ×2
Feudal
10:32
Castle
14:04
Imperial
28:51
| APM avg | 26.2 |
| APM peak | 72 |
| eAPM avg | 19.7 |
| Villagers / military | 277 / 249 |
Focus
⚔️ 31.8% · 🌾 68.2%
Mangudai ×121 · Scout Cavalry ×115 · Battering Ram ×11 · Trade Cart ×9 · Monk ×2
Feudal
10:58
Castle
15:47
Imperial
34:11
| APM avg | 39.3 |
| APM peak | 90 |
| eAPM avg | 20.4 |
| Villagers / military | 209 / 442 |
Focus
⚔️ 33.0% · 🌾 67.0%
Hand Cannoneer ×194 · Scout Cavalry ×140 · Skirmisher ×55 · Janissary ×40 · Trade Cart ×8 · Bombard Cannon ×7
Feudal
10:34
Castle
14:04
Imperial
37:50
| APM avg | 54.2 |
| APM peak | 92 |
| eAPM avg | 42.3 |
| Villagers / military | 338 / 467 |
Focus
⚔️ 49.4% · 🌾 50.6%
Hand Cannoneer ×228 · Skirmisher ×93 · Scout Cavalry ×88 · Monk ×21 · Trade Cart ×14 · Bombard Cannon ×14
Feudal
10:32
Castle
14:53
Imperial
29:52
| APM avg | 44.6 |
| APM peak | 97 |
| eAPM avg | 34.9 |
| Villagers / military | 253 / 213 |
Focus
⚔️ 37.7% · 🌾 62.3%
Unknown (1908) ×301 · Scout Cavalry ×198 · Trade Cart ×14 · Trebuchet (Packed) ×8 · Monk ×6 · Fire Lancer ×1
Match map
Initial resources + every placement click. Lines = walls · curves = elevation contours. ◆ gold · ⬟ stone · ● berries · ✦ relic · ◌ wall gap
Your base· ✓ Closed at 15:13 · 16t walls · 4 gate(s)
ಥಥĐà Lạtಥಥ's base· ✓ Closed at 15:20 · 7t walls · 3 gate(s)
Moneimon's base· ✓ Closed at 15:19 · 0t walls · 2 gate(s)
CharChar's base· ✓ Closed at 15:00 · 0t walls · 3 gate(s)
TrickyMicky90's base· ✓ Closed at 14:04 · 0t walls · 2 gate(s)
Shul's base· ✓ Closed at 15:47 · 0t walls · 2 gate(s)
Timbrhoggvandi's base· ✓ Closed at 14:04 · 5t walls · 7 gate(s)
西藏天路's base· ✓ Closed at 14:53 · 0t walls · 3 gate(s)
Smoothed initial terrain · ◌ = detected wall gap · hover for details
Inputs per minute
— EVA | luxfma - - ಥಥĐà Lạtಥಥ
Build order — EVA | luxfma
First 150 of 800 actions detected
| 0:01 | Create | Villager (Male) |
| 0:01 | Create | Villager (Male) |
| 0:01 | Create | Villager (Male) |
| 0:03 | Build | House |
| 0:04 | Build | House |
| 0:08 | Create | Villager (Male) |
| 0:09 | Create | Villager (Male) |
| 1:33 | Create | Villager (Male) |
| 1:34 | Create | Villager (Male) |
| 1:56 | Build | Palisade Wall |
| 2:02 | Build | Palisade Wall |
| 2:04 | Build | Palisade Wall |
| 2:06 | Build | Palisade Wall |
| 2:08 | Build | Palisade Wall |
| 2:09 | Create | Villager (Male) |
| 2:13 | Build | Palisade Wall |
| 2:16 | Build | Palisade Wall |
| 2:21 | Build | Palisade Wall |
| 2:23 | Create | Villager (Male) |
| 2:23 | Create | Villager (Male) |
| 2:25 | Build | Lumber Camp |
| 2:28 | Build | Palisade Wall |
| 2:32 | Build | Palisade Wall |
| 2:35 | Build | Palisade Wall |
| 2:57 | Create | Villager (Male) |
| 2:57 | Create | Villager (Male) |
| 3:08 | Create | Villager (Male) |
| 3:08 | Create | Villager (Male) |
| 3:30 | Build | House |
| 3:30 | Build | House |
| 3:47 | Create | Villager (Male) |
| 3:47 | Create | Villager (Male) |
| 3:54 | Create | Villager (Male) |
| 3:54 | Create | Villager (Male) |
| 4:33 | Build | House |
| 4:34 | Build | House |
| 4:46 | Create | Villager (Male) |
| 4:46 | Create | Villager (Male) |
| 5:07 | Create | Villager (Male) |
| 5:07 | Create | Villager (Male) |
| 5:07 | Create | Villager (Male) |
| 5:18 | Build | Mill |
| 5:34 | Create | Villager (Male) |
| 5:34 | Create | Villager (Male) |
| 6:22 | Create | Villager (Male) |
| 6:23 | Create | Villager (Male) |
| 7:04 | Build | Lumber Camp |
| 7:18 | Create | Villager (Male) |
| 7:18 | Create | Villager (Male) |
| 7:18 | Create | Villager (Male) |
| 7:43 | Create | Villager (Male) |
| 7:43 | Create | Villager (Male) |
| 7:43 | Create | Villager (Male) |
| 7:43 | Create | Villager (Male) |
| 8:02 | Build | Farm |
| 8:02 | Build | Farm |
| 8:02 | Build | Farm |
| 8:03 | Build | Farm |
| 8:06 | Create | Villager (Male) |
| 8:06 | Create | Villager (Male) |
| 8:24 | Create | Villager (Male) |
| 8:24 | Create | Villager (Male) |
| 8:29 | Build | Farm |
| 8:56 | Create | Villager (Male) |
| 8:58 | Research | Feudal Age |
| 9:00 | Build | Mining Camp |
| 9:43 | Build | Palisade Gate |
| 10:27 | Create | Villager (Male) |
| 10:27 | Create | Villager (Male) |
| 11:33 | Age | Feudal Age |
| 11:35 | Build | Market |
| 11:37 | Build | Blacksmith |
| 12:33 | Research | Castle Age |
| 12:33 | Research | Castle Age |
| 13:05 | Research | Double-Bit Axe |
| 13:06 | Research | Horse Collar |
| 13:14 | Build | Palisade Wall |
| 13:18 | Build | Palisade Wall |
| 13:21 | Build | Palisade Wall |
| 13:23 | Build | Palisade Wall |
| 13:24 | Build | Palisade Wall |
| 14:03 | Build | House |
| 14:16 | Build | House |
| 14:23 | Create | Villager (Male) |
| 15:13 | Age | Castle Age |
| 15:25 | Build | Siege Workshop |
| 15:37 | Create | Villager (Male) |
| 15:37 | Create | Villager (Male) |
| 15:41 | Research | Gold Mining |
| 15:45 | Research | Bow Saw |
| 15:58 | Build | Siege Workshop |
| 16:23 | Create | Villager (Male) |
| 16:26 | Create | Battering Ram |
| 16:26 | Create | Battering Ram |
| 16:29 | Create | Villager (Male) |
| 16:31 | Build | House |
| 16:47 | Create | Villager (Male) |
| 16:48 | Create | Villager (Male) |
| 16:48 | Create | Villager (Male) |
| 16:55 | Create | Battering Ram |
| 16:58 | Create | Battering Ram |
| 16:58 | Create | Battering Ram |
| 17:02 | Build | House |
| 17:06 | Build | Farm |
| 17:30 | Create | Villager (Male) |
| 17:33 | Build | Farm |
| 17:36 | Build | Farm |
| 17:40 | Create | Battering Ram |
| 17:42 | Create | Scorpion |
| 17:42 | Create | Scorpion |
| 17:45 | Create | Villager (Male) |
| 17:46 | Build | Farm |
| 17:53 | Build | Farm |
| 17:54 | Research | Heavy Plow |
| 18:05 | Build | House |
| 18:09 | Build | House |
| 18:10 | Create | Scorpion |
| 18:10 | Create | Scorpion |
| 18:16 | Create | Battering Ram |
| 18:16 | Create | Battering Ram |
| 18:35 | Create | Battering Ram |
| 18:36 | Create | Battering Ram |
| 18:37 | Create | Villager (Male) |
| 18:42 | Build | Farm |
| 18:54 | Create | Battering Ram |
| 18:54 | Create | Battering Ram |
| 18:58 | Create | Villager (Male) |
| 19:02 | Build | Farm |
| 19:44 | Create | Villager (Male) |
| 19:45 | Create | Battering Ram |
| 19:45 | Create | Battering Ram |
| 20:34 | Create | Villager (Male) |
| 20:41 | Create | Villager (Male) |
| 20:49 | Build | Town Center |
| 21:04 | Build | Farm |
| 21:11 | Build | Town Center |
| 21:28 | Create | Battering Ram |
| 21:28 | Create | Battering Ram |
| 21:29 | Create | Villager (Male) |
| 21:29 | Create | Villager (Male) |
| 21:34 | Build | House |
| 21:35 | Build | House |
| 21:57 | Create | Battering Ram |
| 21:57 | Create | Battering Ram |
| 22:26 | Create | Battering Ram |
| 22:26 | Create | Battering Ram |
| 22:28 | Create | Villager (Male) |
| 22:28 | Create | Villager (Male) |
| 22:33 | Create | Battering Ram |
| 22:38 | Create | Villager (Male) |
Build order — ಥಥĐà Lạtಥಥ
First 150 of 669 actions detected
| 0:01 | Create | Villager (Male) |
| 0:01 | Create | Villager (Male) |
| 0:02 | Create | Villager (Male) |
| 0:02 | Create | Villager (Male) |
| 0:03 | Build | House |
| 0:04 | Build | House |
| 1:25 | Create | Villager (Male) |
| 1:25 | Create | Villager (Male) |
| 1:25 | Create | Villager (Male) |
| 1:56 | Create | Villager (Male) |
| 2:02 | Build | Lumber Camp |
| 2:10 | Create | Villager (Male) |
| 2:10 | Create | Villager (Male) |
| 2:10 | Create | Villager (Male) |
| 2:35 | Create | Villager (Male) |
| 2:35 | Create | Villager (Male) |
| 2:35 | Create | Villager (Male) |
| 3:06 | Create | Villager (Male) |
| 3:06 | Create | Villager (Male) |
| 3:06 | Create | Villager (Male) |
| 3:27 | Build | House |
| 3:34 | Create | Villager (Male) |
| 3:35 | Create | Villager (Male) |
| 3:52 | Build | House |
| 4:13 | Build | Palisade Wall |
| 4:15 | Build | Palisade Gate |
| 4:18 | Build | Palisade Wall |
| 4:24 | Build | Palisade Wall |
| 4:28 | Build | Palisade Wall |
| 4:30 | Build | Palisade Wall |
| 4:31 | Build | Palisade Wall |
| 4:41 | Create | Villager (Male) |
| 4:41 | Create | Villager (Male) |
| 4:41 | Create | Villager (Male) |
| 4:41 | Create | Villager (Male) |
| 4:44 | Build | Palisade Wall |
| 5:13 | Build | Mill |
| 5:18 | Create | Villager (Male) |
| 5:18 | Create | Villager (Male) |
| 5:19 | Create | Villager (Male) |
| 6:16 | Create | Villager (Male) |
| 6:16 | Create | Villager (Male) |
| 6:16 | Create | Villager (Male) |
| 6:34 | Create | Villager (Male) |
| 6:52 | Build | Lumber Camp |
| 7:24 | Build | Farm |
| 7:57 | Create | Villager (Male) |
| 8:22 | Create | Villager (Male) |
| 8:31 | Build | Mining Camp |
| 8:34 | Research | Feudal Age |
| 9:01 | Build | Mining Camp |
| 9:05 | Build | Farm |
| 9:27 | Build | Farm |
| 10:37 | Create | Villager (Male) |
| 10:37 | Create | Villager (Male) |
| 11:01 | Age | Feudal Age |
| 11:03 | Build | Blacksmith |
| 11:08 | Build | Market |
| 11:13 | Build | Market |
| 11:41 | Create | Villager (Male) |
| 11:50 | Build | Farm |
| 12:40 | Research | Castle Age |
| 12:45 | Build | House |
| 12:48 | Build | House |
| 12:55 | Research | Double-Bit Axe |
| 12:55 | Research | Double-Bit Axe |
| 13:46 | Research | Horse Collar |
| 13:56 | Build | Farm |
| 14:05 | Build | Farm |
| 14:50 | Create | Villager (Male) |
| 14:50 | Create | Villager (Male) |
| 15:20 | Age | Castle Age |
| 15:37 | Create | Villager (Male) |
| 15:54 | Build | Castle |
| 15:56 | Create | Villager (Male) |
| 15:56 | Create | Villager (Male) |
| 16:21 | Build | Farm |
| 16:25 | Build | Farm |
| 16:27 | Create | Villager (Male) |
| 16:52 | Research | Bow Saw |
| 16:52 | Research | Bow Saw |
| 17:14 | Build | Town Center |
| 17:18 | Create | Obuch |
| 17:18 | Create | Obuch |
| 17:25 | Create | Villager (Male) |
| 18:08 | Create | Villager (Male) |
| 18:09 | Create | Villager (Male) |
| 18:12 | Create | Villager (Male) |
| 18:12 | Create | Villager (Male) |
| 18:26 | Build | Mill |
| 18:29 | Build | Farm |
| 18:31 | Build | Farm |
| 18:31 | Build | Farm |
| 18:31 | Build | Farm |
| 18:31 | Build | Farm |
| 18:32 | Build | Farm |
| 18:32 | Build | Farm |
| 18:39 | Build | Farm |
| 18:40 | Build | Farm |
| 18:42 | Create | Villager (Male) |
| 18:53 | Create | Villager (Male) |
| 18:53 | Create | Villager (Male) |
| 19:07 | Build | Town Center |
| 19:09 | Create | Villager (Male) |
| 19:29 | Create | Villager (Male) |
| 19:40 | Build | Monastery |
| 19:46 | Build | Monastery |
| 19:46 | Create | Villager (Male) |
| 19:47 | Create | Villager (Male) |
| 19:47 | Create | Villager (Male) |
| 19:51 | Build | Farm |
| 19:51 | Build | Farm |
| 20:03 | Create | Villager (Male) |
| 20:03 | Create | Villager (Male) |
| 20:03 | Create | Villager (Male) |
| 20:21 | Build | Farm |
| 20:22 | Build | Farm |
| 20:26 | Create | Villager (Male) |
| 20:32 | Build | House |
| 20:44 | Create | Villager (Male) |
| 20:51 | Create | Monk |
| 20:51 | Create | Monk |
| 21:02 | Create | Villager (Male) |
| 21:03 | Create | Villager (Male) |
| 21:03 | Create | Villager (Male) |
| 21:04 | Create | Villager (Male) |
| 21:04 | Create | Villager (Male) |
| 21:18 | Build | Mill |
| 21:19 | Create | Villager (Male) |
| 21:24 | Build | Farm |
| 21:25 | Build | Farm |
| 21:41 | Build | Mill |
| 21:43 | Create | Villager (Male) |
| 21:43 | Create | Villager (Male) |
| 21:46 | Build | Farm |
| 21:47 | Build | Farm |
| 21:49 | Create | Villager (Male) |
| 21:50 | Create | Villager (Male) |
| 21:50 | Create | Villager (Male) |
| 21:58 | Build | Mill |
| 22:02 | Build | Farm |
| 22:03 | Build | Farm |
| 22:04 | Build | Farm |
| 22:07 | Create | Villager (Male) |
| 22:14 | Build | Siege Workshop |
| 22:27 | Create | Villager (Male) |
| 22:28 | Create | Villager (Male) |
| 22:31 | Build | Farm |
| 22:32 | Build | Farm |
| 22:35 | Build | House |
Build order — Moneimon
First 150 of 608 actions detected
| 0:00 | Create | Villager (Male) |
| 0:01 | Create | Villager (Male) |
| 0:02 | Build | House |
| 0:03 | Build | House |
| 0:15 | Create | Villager (Male) |
| 0:15 | Create | Villager (Male) |
| 0:16 | Create | Villager (Male) |
| 1:25 | Create | Villager (Male) |
| 1:26 | Create | Villager (Male) |
| 1:56 | Build | Lumber Camp |
| 1:59 | Create | Villager (Male) |
| 1:59 | Create | Villager (Male) |
| 2:18 | Create | Villager (Male) |
| 2:18 | Create | Villager (Male) |
| 2:44 | Create | Villager (Male) |
| 2:45 | Create | Villager (Male) |
| 3:11 | Create | Villager (Male) |
| 3:11 | Create | Villager (Male) |
| 3:35 | Create | Villager (Male) |
| 3:36 | Create | Villager (Male) |
| 3:39 | Build | House |
| 3:59 | Build | House |
| 4:09 | Create | Villager (Male) |
| 4:10 | Create | Villager (Male) |
| 4:33 | Create | Villager (Male) |
| 4:33 | Create | Villager (Male) |
| 4:58 | Create | Villager (Male) |
| 4:58 | Create | Villager (Male) |
| 4:59 | Create | Villager (Male) |
| 5:00 | Create | Villager (Male) |
| 5:12 | Build | Mill |
| 5:19 | Build | House |
| 5:20 | Build | House |
| 5:47 | Create | Villager (Male) |
| 5:47 | Create | Villager (Male) |
| 5:47 | Create | Villager (Male) |
| 6:14 | Create | Villager (Male) |
| 6:14 | Create | Villager (Male) |
| 6:35 | Create | Villager (Male) |
| 6:42 | Create | Villager (Male) |
| 6:51 | Create | Villager (Male) |
| 7:21 | Create | Villager (Male) |
| 8:26 | Build | Mining Camp |
| 8:47 | Research | Feudal Age |
| 8:47 | Research | Feudal Age |
| 9:32 | Create | Villager (Male) |
| 9:34 | Create | Villager (Male) |
| 10:57 | Age | Feudal Age |
| 10:59 | Build | Blacksmith |
| 11:01 | Build | Market |
| 11:06 | Research | Horse Collar |
| 11:09 | Build | Farm |
| 11:11 | Build | Farm |
| 11:13 | Build | Farm |
| 11:17 | Build | Farm |
| 11:21 | Build | Farm |
| 11:23 | Build | Farm |
| 11:32 | Build | Farm |
| 11:59 | Build | Farm |
| 12:01 | Create | Villager (Male) |
| 12:03 | Build | Farm |
| 12:39 | Research | Castle Age |
| 13:02 | Research | Double-Bit Axe |
| 13:12 | Build | House |
| 13:50 | Create | Villager (Male) |
| 15:19 | Age | Castle Age |
| 15:24 | Build | Town Center |
| 15:24 | Create | Villager (Male) |
| 15:30 | Build | Town Center |
| 15:31 | Create | Villager (Male) |
| 15:32 | Research | Bow Saw |
| 15:37 | Create | Villager (Male) |
| 15:44 | Research | Heavy Plow |
| 16:09 | Create | Villager (Male) |
| 16:18 | Build | Farm |
| 16:19 | Build | House |
| 16:21 | Create | Villager (Male) |
| 16:36 | Build | Farm |
| 16:39 | Build | House |
| 16:41 | Create | Villager (Male) |
| 16:53 | Create | Villager (Male) |
| 17:01 | Build | Farm |
| 17:02 | Create | Villager (Male) |
| 17:04 | Create | Villager (Male) |
| 17:05 | Create | Villager (Male) |
| 17:09 | Create | Villager (Male) |
| 17:13 | Create | Villager (Male) |
| 17:16 | Build | Farm |
| 17:25 | Build | Farm |
| 17:30 | Create | Villager (Male) |
| 17:30 | Create | Villager (Male) |
| 17:30 | Create | Villager (Male) |
| 17:31 | Create | Villager (Male) |
| 17:31 | Create | Villager (Male) |
| 17:31 | Create | Villager (Male) |
| 17:31 | Create | Villager (Male) |
| 17:56 | Create | Villager (Male) |
| 17:56 | Create | Villager (Male) |
| 17:57 | Create | Villager (Male) |
| 18:11 | Build | Town Center |
| 18:13 | Create | Villager (Male) |
| 18:15 | Build | Farm |
| 18:26 | Build | Farm |
| 18:30 | Create | Villager (Male) |
| 18:31 | Create | Villager (Male) |
| 18:33 | Build | Farm |
| 18:40 | Build | Farm |
| 18:56 | Create | Villager (Male) |
| 18:59 | Build | Farm |
| 18:59 | Create | Villager (Male) |
| 19:01 | Build | Farm |
| 19:04 | Build | House |
| 19:07 | Build | House |
| 19:07 | Create | Villager (Male) |
| 19:10 | Build | Farm |
| 19:16 | Build | Farm |
| 19:17 | Create | Villager (Male) |
| 19:25 | Build | Farm |
| 19:32 | Build | House |
| 19:32 | Create | Villager (Male) |
| 19:38 | Build | Farm |
| 19:40 | Build | House |
| 19:42 | Create | Villager (Male) |
| 19:44 | Create | Villager (Male) |
| 19:47 | Create | Villager (Male) |
| 19:54 | Create | Villager (Male) |
| 19:57 | Build | Farm |
| 19:58 | Create | Villager (Male) |
| 20:00 | Build | Farm |
| 20:03 | Build | House |
| 20:09 | Create | Villager (Male) |
| 20:12 | Build | Farm |
| 20:14 | Create | Villager (Male) |
| 20:15 | Create | Villager (Male) |
| 20:15 | Create | Villager (Male) |
| 20:18 | Build | Farm |
| 20:21 | Build | Farm |
| 20:27 | Build | Farm |
| 20:28 | Build | House |
| 20:33 | Create | Villager (Male) |
| 20:33 | Create | Villager (Male) |
| 20:33 | Create | Villager (Male) |
| 20:35 | Build | House |
| 20:41 | Build | House |
| 20:43 | Create | Villager (Male) |
| 20:46 | Build | Farm |
| 20:47 | Build | Farm |
| 20:50 | Create | Villager (Male) |
| 20:53 | Build | Farm |
| 21:00 | Build | House |
Build order — CharChar
First 150 of 638 actions detected
| 0:03 | Create | Villager (Male) |
| 0:03 | Create | Villager (Male) |
| 0:03 | Create | Villager (Male) |
| 0:05 | Build | House |
| 0:06 | Build | House |
| 0:16 | Create | Villager (Male) |
| 0:16 | Create | Villager (Male) |
| 0:16 | Create | Villager (Male) |
| 1:29 | Create | Villager (Male) |
| 1:30 | Create | Villager (Male) |
| 2:02 | Create | Villager (Male) |
| 2:02 | Create | Villager (Male) |
| 2:05 | Build | Lumber Camp |
| 2:25 | Create | Villager (Male) |
| 2:55 | Create | Villager (Male) |
| 3:12 | Create | Villager (Male) |
| 4:01 | Create | Villager (Male) |
| 4:01 | Create | Villager (Male) |
| 4:03 | Create | Villager (Male) |
| 4:03 | Create | Villager (Male) |
| 4:03 | Create | Villager (Male) |
| 4:21 | Build | House |
| 4:50 | Create | Villager (Male) |
| 4:50 | Create | Villager (Male) |
| 4:56 | Create | Villager (Male) |
| 5:26 | Create | Villager (Male) |
| 5:41 | Build | Mill |
| 6:14 | Build | House |
| 6:32 | Create | Villager (Male) |
| 6:32 | Create | Villager (Male) |
| 6:48 | Create | Villager (Male) |
| 6:48 | Create | Villager (Male) |
| 6:55 | Build | Farm |
| 6:57 | Build | Farm |
| 7:01 | Create | Villager (Male) |
| 7:47 | Create | Villager (Male) |
| 8:08 | Build | Farm |
| 8:31 | Create | Villager (Male) |
| 8:43 | Research | Feudal Age |
| 9:11 | Build | Mining Camp |
| 9:14 | Build | Farm |
| 10:58 | Create | Villager (Male) |
| 10:58 | Create | Villager (Male) |
| 11:12 | Age | Feudal Age |
| 11:14 | Build | Market |
| 11:17 | Build | Blacksmith |
| 11:45 | Build | House |
| 12:09 | Research | Castle Age |
| 12:09 | Research | Castle Age |
| 13:07 | Research | Double-Bit Axe |
| 13:07 | Research | Double-Bit Axe |
| 13:45 | Research | Horse Collar |
| 14:25 | Build | House |
| 15:00 | Age | Castle Age |
| 15:08 | Create | Villager (Male) |
| 15:11 | Research | Loom |
| 15:26 | Build | Town Center |
| 15:30 | Build | Town Center |
| 15:41 | Create | Villager (Male) |
| 15:42 | Research | Bow Saw |
| 15:47 | Research | Heavy Plow |
| 16:12 | Create | Villager (Male) |
| 16:33 | Build | Farm |
| 16:42 | Create | Villager (Male) |
| 16:42 | Create | Villager (Male) |
| 16:42 | Create | Villager (Male) |
| 16:42 | Create | Villager (Male) |
| 16:46 | Build | Farm |
| 16:56 | Create | Villager (Male) |
| 16:56 | Create | Villager (Male) |
| 16:56 | Create | Villager (Male) |
| 16:57 | Create | Villager (Male) |
| 16:57 | Create | Villager (Male) |
| 16:58 | Build | Farm |
| 17:09 | Build | Farm |
| 17:22 | Create | Villager (Male) |
| 17:22 | Create | Villager (Male) |
| 17:46 | Create | Villager (Male) |
| 17:46 | Create | Villager (Male) |
| 17:49 | Build | Farm |
| 17:50 | Build | Farm |
| 17:54 | Build | Farm |
| 18:02 | Build | Farm |
| 18:04 | Research | Loom |
| 18:11 | Build | Barracks |
| 18:15 | Build | Farm |
| 18:20 | Build | Farm |
| 18:21 | Create | Villager (Male) |
| 18:21 | Create | Villager (Male) |
| 18:27 | Build | Farm |
| 18:29 | Create | Villager (Male) |
| 18:29 | Create | Villager (Male) |
| 18:44 | Build | Farm |
| 18:47 | Build | Farm |
| 18:58 | Create | Villager (Male) |
| 18:59 | Create | Villager (Male) |
| 18:59 | Create | Villager (Male) |
| 19:03 | Build | Farm |
| 19:05 | Build | Farm |
| 19:07 | Create | Villager (Male) |
| 19:08 | Create | Villager (Male) |
| 19:08 | Create | Villager (Male) |
| 19:08 | Create | Villager (Male) |
| 19:16 | Build | Farm |
| 19:29 | Create | Villager (Male) |
| 19:29 | Create | Villager (Male) |
| 19:33 | Build | Farm |
| 19:43 | Build | Mining Camp |
| 19:49 | Create | Villager (Male) |
| 19:49 | Create | Villager (Male) |
| 19:49 | Create | Villager (Male) |
| 19:49 | Create | Villager (Male) |
| 19:52 | Build | Farm |
| 20:04 | Build | House |
| 20:08 | Research | Wheelbarrow |
| 20:13 | Build | House |
| 20:20 | Build | House |
| 20:24 | Create | Villager (Male) |
| 20:24 | Create | Villager (Male) |
| 20:25 | Create | Villager (Male) |
| 20:35 | Build | Farm |
| 20:37 | Build | Farm |
| 20:38 | Build | Farm |
| 20:39 | Build | Farm |
| 20:43 | Build | Farm |
| 20:45 | Create | Villager (Male) |
| 20:45 | Create | Villager (Male) |
| 20:47 | Create | Villager (Male) |
| 20:47 | Create | Villager (Male) |
| 20:48 | Create | Villager (Male) |
| 20:57 | Build | House |
| 20:58 | Create | Villager (Male) |
| 20:59 | Create | Villager (Male) |
| 20:59 | Create | Villager (Male) |
| 21:05 | Build | House |
| 21:14 | Build | Farm |
| 21:15 | Build | Farm |
| 21:16 | Build | Farm |
| 21:17 | Build | Farm |
| 21:20 | Create | Villager (Male) |
| 21:20 | Create | Villager (Male) |
| 21:23 | Build | Farm |
| 21:36 | Create | Villager (Male) |
| 21:37 | Create | Villager (Male) |
| 21:37 | Create | Villager (Male) |
| 21:37 | Create | Villager (Male) |
| 21:40 | Build | Farm |
| 22:08 | Create | Villager (Male) |
| 22:09 | Create | Villager (Male) |
| 22:09 | Create | Villager (Male) |
Build order — TrickyMicky90
First 150 of 570 actions detected
| 0:01 | Create | Villager (Male) |
| 0:02 | Create | Villager (Male) |
| 0:02 | Create | Villager (Male) |
| 0:03 | Build | House |
| 0:04 | Build | House |
| 0:13 | Create | Villager (Male) |
| 1:23 | Create | Villager (Male) |
| 1:54 | Create | Villager (Male) |
| 1:55 | Create | Villager (Male) |
| 1:57 | Build | Lumber Camp |
| 2:12 | Create | Villager (Male) |
| 2:13 | Create | Villager (Male) |
| 2:44 | Build | House |
| 2:47 | Create | Villager (Male) |
| 2:47 | Create | Villager (Male) |
| 2:47 | Create | Villager (Male) |
| 3:07 | Create | Villager (Male) |
| 3:39 | Create | Villager (Male) |
| 3:39 | Create | Villager (Male) |
| 4:04 | Create | Villager (Male) |
| 4:04 | Create | Villager (Male) |
| 4:05 | Create | Villager (Male) |
| 4:05 | Create | Villager (Male) |
| 4:43 | Build | Mill |
| 4:52 | Create | Villager (Male) |
| 4:52 | Create | Villager (Male) |
| 4:52 | Create | Villager (Male) |
| 4:52 | Create | Villager (Male) |
| 5:01 | Create | Villager (Male) |
| 5:02 | Create | Villager (Male) |
| 5:45 | Create | Villager (Male) |
| 5:45 | Create | Villager (Male) |
| 5:47 | Build | House |
| 6:15 | Build | Farm |
| 6:17 | Build | Farm |
| 6:28 | Build | Farm |
| 6:29 | Create | Villager (Male) |
| 6:39 | Create | Villager (Male) |
| 7:33 | Build | Farm |
| 7:36 | Create | Villager (Male) |
| 7:51 | Research | Feudal Age |
| 8:00 | Build | Mining Camp |
| 8:19 | Build | House |
| 8:43 | Create | Villager (Male) |
| 8:43 | Create | Villager (Male) |
| 10:32 | Age | Feudal Age |
| 10:34 | Build | Market |
| 10:37 | Build | Blacksmith |
| 11:24 | Research | Castle Age |
| 11:24 | Research | Castle Age |
| 11:25 | Research | Castle Age |
| 11:43 | Research | Double-Bit Axe |
| 11:43 | Research | Double-Bit Axe |
| 11:43 | Research | Double-Bit Axe |
| 12:19 | Research | Horse Collar |
| 12:19 | Research | Horse Collar |
| 12:59 | Create | Villager (Male) |
| 13:00 | Create | Villager (Male) |
| 13:39 | Create | Villager (Male) |
| 14:04 | Age | Castle Age |
| 14:06 | Build | Town Center |
| 14:11 | Build | Town Center |
| 14:22 | Build | Farm |
| 14:38 | Research | Bow Saw |
| 14:40 | Create | Villager (Male) |
| 14:40 | Create | Villager (Male) |
| 14:40 | Create | Villager (Male) |
| 14:48 | Build | House |
| 14:49 | Build | House |
| 15:14 | Create | Villager (Male) |
| 15:14 | Create | Villager (Male) |
| 15:29 | Build | Farm |
| 15:30 | Create | Villager (Male) |
| 15:30 | Create | Villager (Male) |
| 15:40 | Build | Farm |
| 15:43 | Build | Farm |
| 15:44 | Create | Villager (Male) |
| 15:45 | Create | Villager (Male) |
| 15:50 | Build | Farm |
| 15:54 | Create | Villager (Male) |
| 15:54 | Create | Villager (Male) |
| 15:54 | Create | Villager (Male) |
| 16:07 | Build | Farm |
| 16:11 | Build | Farm |
| 16:16 | Build | Farm |
| 16:23 | Build | Farm |
| 16:25 | Create | Villager (Male) |
| 16:25 | Create | Villager (Male) |
| 16:25 | Create | Villager (Male) |
| 16:32 | Create | Villager (Male) |
| 16:33 | Create | Villager (Male) |
| 16:33 | Create | Villager (Male) |
| 16:36 | Build | Farm |
| 16:50 | Build | Farm |
| 16:55 | Build | Farm |
| 16:56 | Create | Villager (Male) |
| 16:56 | Create | Villager (Male) |
| 16:57 | Create | Villager (Male) |
| 17:02 | Build | Farm |
| 17:03 | Create | Villager (Male) |
| 17:04 | Create | Villager (Male) |
| 17:09 | Build | Farm |
| 17:12 | Create | Villager (Male) |
| 17:12 | Create | Villager (Male) |
| 17:12 | Create | Villager (Male) |
| 17:17 | Build | Farm |
| 17:26 | Create | Villager (Male) |
| 17:26 | Create | Villager (Male) |
| 17:26 | Create | Villager (Male) |
| 17:41 | Create | Villager (Male) |
| 17:41 | Create | Villager (Male) |
| 17:48 | Create | Villager (Male) |
| 17:49 | Create | Villager (Male) |
| 17:49 | Create | Villager (Male) |
| 17:52 | Build | Farm |
| 17:58 | Build | Farm |
| 17:59 | Create | Villager (Male) |
| 18:00 | Create | Villager (Male) |
| 18:03 | Build | Farm |
| 18:07 | Build | Farm |
| 18:08 | Create | Villager (Male) |
| 18:09 | Create | Villager (Male) |
| 18:25 | Build | Monastery |
| 18:28 | Create | Villager (Male) |
| 18:28 | Create | Villager (Male) |
| 18:31 | Build | House |
| 18:32 | Build | House |
| 18:34 | Build | House |
| 18:47 | Build | House |
| 18:55 | Research | Wheelbarrow |
| 18:55 | Research | Wheelbarrow |
| 18:55 | Research | Wheelbarrow |
| 19:08 | Create | Villager (Male) |
| 19:09 | Create | Villager (Male) |
| 19:09 | Create | Villager (Male) |
| 19:16 | Create | Villager (Male) |
| 19:16 | Create | Villager (Male) |
| 19:17 | Create | Villager (Male) |
| 19:22 | Create | Monk |
| 19:44 | Create | Villager (Male) |
| 19:44 | Create | Villager (Male) |
| 19:44 | Create | Villager (Male) |
| 19:53 | Create | Villager (Male) |
| 19:53 | Create | Villager (Male) |
| 19:57 | Build | Farm |
| 19:58 | Build | Farm |
| 19:58 | Build | Farm |
| 19:58 | Build | Farm |
| 19:58 | Build | Farm |
| 19:59 | Build | Farm |
Build order — Shul
First 150 of 603 actions detected
| 0:00 | Create | Villager (Male) |
| 0:01 | Create | Villager (Male) |
| 0:01 | Create | Villager (Male) |
| 0:01 | Create | Villager (Male) |
| 0:02 | Create | Villager (Male) |
| 0:03 | Build | House |
| 0:04 | Build | House |
| 1:25 | Create | Villager (Male) |
| 1:45 | Build | Lumber Camp |
| 2:00 | Create | Villager (Male) |
| 2:01 | Create | Villager (Male) |
| 2:15 | Create | Villager (Male) |
| 2:16 | Create | Villager (Male) |
| 2:47 | Create | Villager (Male) |
| 2:47 | Create | Villager (Male) |
| 3:00 | Build | House |
| 3:01 | Build | House |
| 3:02 | Create | Villager (Male) |
| 3:35 | Create | Villager (Male) |
| 3:50 | Create | Villager (Male) |
| 3:54 | Build | Mill |
| 4:11 | Build | House |
| 4:35 | Create | Villager (Male) |
| 4:55 | Create | Villager (Male) |
| 5:03 | Create | Villager (Male) |
| 5:25 | Create | Villager (Male) |
| 5:27 | Create | Villager (Male) |
| 5:51 | Create | Villager (Male) |
| 6:17 | Create | Villager (Male) |
| 6:47 | Create | Villager (Male) |
| 7:17 | Create | Villager (Male) |
| 8:05 | Build | Mining Camp |
| 8:23 | Create | Villager (Male) |
| 8:29 | Build | Mining Camp |
| 8:33 | Research | Feudal Age |
| 8:44 | Build | Farm |
| 8:47 | Build | Farm |
| 8:53 | Build | Farm |
| 9:42 | Build | Lumber Camp |
| 10:22 | Create | Villager (Male) |
| 10:22 | Create | Villager (Male) |
| 10:32 | Build | House |
| 10:58 | Age | Feudal Age |
| 11:05 | Build | House |
| 11:22 | Build | Blacksmith |
| 11:40 | Create | Villager (Male) |
| 12:12 | Research | Loom |
| 12:23 | Build | Market |
| 12:42 | Create | Villager (Male) |
| 12:44 | Research | Double-Bit Axe |
| 13:06 | Research | Castle Age |
| 13:39 | Research | Horse Collar |
| 13:42 | Build | Farm |
| 13:45 | Build | Farm |
| 15:26 | Create | Villager (Male) |
| 15:26 | Create | Villager (Male) |
| 15:38 | Build | Farm |
| 15:41 | Build | Farm |
| 15:46 | Build | Farm |
| 15:47 | Age | Castle Age |
| 15:51 | Build | Farm |
| 16:13 | Create | Villager (Male) |
| 16:40 | Build | Castle |
| 16:45 | Research | Gold Mining |
| 16:48 | Create | Villager (Male) |
| 17:16 | Create | Villager (Male) |
| 17:34 | Create | Villager (Male) |
| 17:38 | Build | House |
| 17:39 | Build | House |
| 17:41 | Build | House |
| 17:45 | Build | Farm |
| 17:47 | Build | Farm |
| 17:50 | Build | Farm |
| 17:53 | Build | Farm |
| 17:57 | Create | Villager (Male) |
| 18:06 | Create | Janissary |
| 18:06 | Create | Janissary |
| 18:06 | Create | Janissary |
| 18:06 | Create | Janissary |
| 18:07 | Create | Janissary |
| 18:30 | Create | Villager (Male) |
| 18:48 | Create | Janissary |
| 19:03 | Create | Janissary |
| 19:36 | Create | Janissary |
| 19:36 | Create | Janissary |
| 19:37 | Create | Janissary |
| 19:37 | Create | Villager (Male) |
| 19:55 | Build | Farm |
| 20:00 | Build | Town Center |
| 20:04 | Create | Villager (Male) |
| 20:05 | Create | Villager (Male) |
| 20:05 | Create | Villager (Male) |
| 20:21 | Create | Villager (Male) |
| 20:41 | Create | Janissary |
| 20:41 | Create | Janissary |
| 20:42 | Create | Villager (Male) |
| 21:01 | Create | Janissary |
| 21:02 | Create | Janissary |
| 21:09 | Create | Villager (Male) |
| 21:54 | Create | Villager (Male) |
| 22:00 | Create | Janissary |
| 22:00 | Create | Janissary |
| 22:00 | Create | Janissary |
| 22:01 | Create | Villager (Male) |
| 22:30 | Create | Villager (Male) |
| 22:40 | Create | Villager (Male) |
| 22:43 | Create | Janissary |
| 22:44 | Create | Janissary |
| 22:52 | Build | Farm |
| 22:52 | Build | Farm |
| 22:52 | Build | Farm |
| 22:53 | Build | Farm |
| 22:53 | Build | Farm |
| 22:53 | Build | Farm |
| 22:54 | Build | Farm |
| 22:54 | Build | Farm |
| 22:54 | Build | Farm |
| 22:55 | Create | Villager (Male) |
| 22:57 | Build | Town Center |
| 23:07 | Create | Janissary |
| 23:08 | Create | Janissary |
| 23:08 | Create | Villager (Male) |
| 23:09 | Create | Villager (Male) |
| 23:46 | Create | Villager (Male) |
| 23:47 | Create | Villager (Male) |
| 23:47 | Create | Villager (Male) |
| 24:05 | Create | Villager (Male) |
| 24:08 | Create | Villager (Male) |
| 24:13 | Research | Bow Saw |
| 24:22 | Build | Farm |
| 24:22 | Build | Farm |
| 24:22 | Build | Farm |
| 24:22 | Build | Farm |
| 24:23 | Build | Farm |
| 24:23 | Build | Farm |
| 24:23 | Build | Farm |
| 24:23 | Build | Farm |
| 24:24 | Build | Farm |
| 24:25 | Create | Villager (Male) |
| 24:28 | Create | Villager (Male) |
| 24:37 | Create | Villager (Male) |
| 24:42 | Create | Villager (Male) |
| 24:42 | Create | Villager (Male) |
| 24:52 | Create | Janissary |
| 24:52 | Create | Janissary |
| 24:56 | Build | Farm |
| 24:57 | Create | Villager (Male) |
| 25:03 | Build | Farm |
| 25:05 | Create | Villager (Male) |
| 25:06 | Create | Villager (Male) |
Build order — Timbrhoggvandi
First 150 of 1092 actions detected
| 0:02 | Create | Villager (Male) |
| 0:02 | Create | Villager (Male) |
| 0:02 | Create | Villager (Male) |
| 0:03 | Build | House |
| 0:04 | Build | House |
| 0:12 | Create | Villager (Male) |
| 1:06 | Create | Villager (Male) |
| 1:07 | Create | Villager (Male) |
| 1:33 | Create | Villager (Male) |
| 1:34 | Create | Villager (Male) |
| 1:56 | Create | Villager (Male) |
| 1:56 | Create | Villager (Male) |
| 2:12 | Create | Villager (Male) |
| 2:13 | Build | Lumber Camp |
| 2:29 | Create | Villager (Male) |
| 2:29 | Create | Villager (Male) |
| 2:29 | Create | Villager (Male) |
| 2:49 | Create | Villager (Male) |
| 2:49 | Create | Villager (Male) |
| 2:49 | Create | Villager (Male) |
| 3:16 | Create | Villager (Male) |
| 3:17 | Create | Villager (Male) |
| 3:27 | Build | House |
| 3:28 | Build | House |
| 3:42 | Create | Villager (Male) |
| 3:42 | Create | Villager (Male) |
| 3:42 | Create | Villager (Male) |
| 3:55 | Create | Villager (Male) |
| 3:55 | Create | Villager (Male) |
| 3:56 | Create | Villager (Male) |
| 4:13 | Build | House |
| 5:10 | Create | Villager (Male) |
| 5:10 | Create | Villager (Male) |
| 5:12 | Build | Mill |
| 5:13 | Create | Villager (Male) |
| 5:13 | Create | Villager (Male) |
| 5:16 | Create | Villager (Male) |
| 5:16 | Create | Villager (Male) |
| 5:35 | Create | Villager (Male) |
| 5:35 | Create | Villager (Male) |
| 5:36 | Create | Villager (Male) |
| 5:57 | Build | Palisade Gate |
| 6:07 | Build | Farm |
| 6:08 | Create | Villager (Male) |
| 6:26 | Build | Palisade Gate |
| 6:32 | Build | Palisade Gate |
| 6:35 | Build | Palisade Wall |
| 6:37 | Create | Villager (Male) |
| 6:49 | Create | Villager (Male) |
| 6:53 | Build | Palisade Gate |
| 6:56 | Build | Palisade Wall |
| 7:43 | Build | Farm |
| 7:59 | Create | Villager (Male) |
| 8:22 | Research | Feudal Age |
| 8:58 | Build | Farm |
| 9:01 | Create | Villager (Male) |
| 9:01 | Create | Villager (Male) |
| 10:34 | Age | Feudal Age |
| 10:36 | Build | Market |
| 10:38 | Build | Blacksmith |
| 11:24 | Research | Castle Age |
| 11:24 | Research | Castle Age |
| 11:44 | Research | Horse Collar |
| 11:44 | Research | Horse Collar |
| 11:44 | Research | Horse Collar |
| 11:50 | Build | House |
| 11:53 | Research | Double-Bit Axe |
| 11:53 | Research | Double-Bit Axe |
| 11:53 | Research | Double-Bit Axe |
| 12:16 | Create | Villager (Male) |
| 14:04 | Age | Castle Age |
| 14:09 | Build | Town Center |
| 14:11 | Create | Villager (Male) |
| 14:15 | Build | Town Center |
| 14:17 | Research | Bow Saw |
| 14:17 | Research | Bow Saw |
| 14:17 | Research | Bow Saw |
| 14:21 | Build | Farm |
| 14:25 | Build | Farm |
| 14:32 | Build | Farm |
| 14:47 | Create | Villager (Male) |
| 14:58 | Build | Farm |
| 15:03 | Create | Villager (Male) |
| 15:12 | Create | Villager (Male) |
| 15:13 | Create | Villager (Male) |
| 15:17 | Create | Villager (Male) |
| 15:18 | Create | Villager (Male) |
| 15:20 | Build | Farm |
| 15:21 | Create | Villager (Male) |
| 15:22 | Create | Villager (Male) |
| 15:22 | Create | Villager (Male) |
| 15:25 | Build | Farm |
| 15:39 | Build | Farm |
| 15:43 | Create | Villager (Male) |
| 15:51 | Build | Farm |
| 15:57 | Build | Farm |
| 16:09 | Create | Villager (Male) |
| 16:09 | Create | Villager (Male) |
| 16:15 | Create | Villager (Male) |
| 16:15 | Create | Villager (Male) |
| 16:15 | Create | Villager (Male) |
| 16:17 | Build | Farm |
| 16:19 | Build | Farm |
| 16:27 | Create | Villager (Male) |
| 16:27 | Create | Villager (Male) |
| 16:27 | Create | Villager (Male) |
| 16:31 | Build | Farm |
| 16:32 | Build | Farm |
| 16:40 | Create | Villager (Male) |
| 16:40 | Create | Villager (Male) |
| 16:40 | Create | Villager (Male) |
| 16:48 | Build | Farm |
| 16:52 | Create | Villager (Male) |
| 16:52 | Create | Villager (Male) |
| 16:52 | Create | Villager (Male) |
| 16:54 | Build | Farm |
| 17:00 | Build | Farm |
| 17:01 | Build | Farm |
| 17:01 | Create | Villager (Male) |
| 17:02 | Create | Villager (Male) |
| 17:04 | Build | Farm |
| 17:10 | Create | Villager (Male) |
| 17:11 | Create | Villager (Male) |
| 17:12 | Build | House |
| 17:13 | Build | House |
| 17:14 | Create | Villager (Male) |
| 17:14 | Create | Villager (Male) |
| 17:14 | Create | Villager (Male) |
| 17:20 | Create | Villager (Male) |
| 17:20 | Create | Villager (Male) |
| 17:21 | Create | Villager (Male) |
| 17:39 | Create | Villager (Male) |
| 17:39 | Create | Villager (Male) |
| 17:42 | Build | House |
| 17:43 | Build | House |
| 17:46 | Create | Villager (Male) |
| 17:47 | Create | Villager (Male) |
| 17:47 | Create | Villager (Male) |
| 17:47 | Create | Villager (Male) |
| 17:56 | Create | Villager (Male) |
| 17:57 | Create | Villager (Male) |
| 17:57 | Create | Villager (Male) |
| 18:01 | Create | Villager (Male) |
| 18:02 | Create | Villager (Male) |
| 18:05 | Create | Villager (Male) |
| 18:06 | Create | Villager (Male) |
| 18:09 | Build | Town Center |
| 18:11 | Create | Villager (Male) |
| 18:11 | Create | Villager (Male) |
| 18:11 | Create | Villager (Male) |
Build order — 西藏天路
First 150 of 1036 actions detected
| 0:01 | Create | Villager (Male) |
| 0:02 | Create | Villager (Male) |
| 0:04 | Build | House |
| 0:06 | Build | House |
| 0:07 | Build | House |
| 0:16 | Create | Villager (Male) |
| 0:16 | Create | Villager (Male) |
| 0:17 | Create | Villager (Male) |
| 1:14 | Build | House |
| 1:30 | Create | Villager (Male) |
| 1:31 | Create | Villager (Male) |
| 1:48 | Create | Villager (Male) |
| 2:19 | Create | Villager (Male) |
| 2:19 | Create | Villager (Male) |
| 2:44 | Create | Villager (Male) |
| 2:44 | Create | Villager (Male) |
| 3:04 | Build | Lumber Camp |
| 3:21 | Create | Villager (Male) |
| 3:21 | Create | Villager (Male) |
| 3:45 | Create | Villager (Male) |
| 3:46 | Create | Villager (Male) |
| 3:46 | Create | Villager (Male) |
| 4:12 | Create | Villager (Male) |
| 4:12 | Create | Villager (Male) |
| 4:17 | Create | Villager (Male) |
| 4:17 | Create | Villager (Male) |
| 4:17 | Create | Villager (Male) |
| 4:59 | Create | Villager (Male) |
| 4:59 | Create | Villager (Male) |
| 5:24 | Create | Villager (Male) |
| 5:24 | Create | Villager (Male) |
| 5:55 | Create | Villager (Male) |
| 5:55 | Create | Villager (Male) |
| 6:19 | Build | Mill |
| 6:56 | Create | Villager (Male) |
| 7:43 | Build | Mining Camp |
| 7:55 | Create | Villager (Male) |
| 8:21 | Research | Feudal Age |
| 8:21 | Research | Feudal Age |
| 9:15 | Create | Villager (Male) |
| 10:32 | Age | Feudal Age |
| 10:34 | Build | Lumber Camp |
| 10:38 | Build | Market |
| 10:44 | Build | House |
| 10:55 | Research | Loom |
| 10:55 | Research | Loom |
| 11:10 | Build | Farm |
| 11:18 | Build | Blacksmith |
| 11:23 | Create | Villager (Male) |
| 11:47 | Create | Villager (Male) |
| 11:58 | Build | House |
| 12:10 | Research | Castle Age |
| 12:11 | Research | Castle Age |
| 12:17 | Research | Horse Collar |
| 12:17 | Research | Horse Collar |
| 12:29 | Build | House |
| 12:39 | Build | Farm |
| 12:41 | Build | Farm |
| 12:46 | Build | Farm |
| 12:57 | Research | Double-Bit Axe |
| 12:59 | Build | House |
| 13:54 | Build | Barracks |
| 14:10 | Create | Villager (Male) |
| 14:53 | Age | Castle Age |
| 14:56 | Create | Fire Lancer |
| 15:03 | Build | Town Center |
| 15:08 | Create | Villager (Male) |
| 15:13 | Build | Monastery |
| 15:32 | Research | Bow Saw |
| 15:32 | Research | Bow Saw |
| 15:39 | Create | Villager (Male) |
| 15:39 | Create | Villager (Male) |
| 16:08 | Create | Monk |
| 16:18 | Create | Villager (Male) |
| 16:18 | Create | Villager (Male) |
| 16:18 | Create | Villager (Male) |
| 16:25 | Create | Monk |
| 16:43 | Create | Villager (Male) |
| 16:49 | Build | Town Center |
| 16:56 | Build | Town Center |
| 17:01 | Create | Villager (Male) |
| 17:01 | Create | Villager (Male) |
| 17:01 | Create | Villager (Male) |
| 17:04 | Build | Farm |
| 17:05 | Build | Farm |
| 17:20 | Build | Farm |
| 17:22 | Create | Villager (Male) |
| 17:23 | Create | Villager (Male) |
| 17:23 | Create | Villager (Male) |
| 17:30 | Create | Villager (Male) |
| 17:30 | Create | Villager (Male) |
| 17:52 | Create | Villager (Male) |
| 17:53 | Create | Villager (Male) |
| 18:12 | Create | Villager (Male) |
| 18:12 | Create | Villager (Male) |
| 18:12 | Create | Villager (Male) |
| 18:12 | Create | Villager (Male) |
| 18:26 | Build | Farm |
| 18:27 | Build | Farm |
| 18:32 | Build | Farm |
| 18:36 | Build | Farm |
| 18:37 | Build | Farm |
| 18:39 | Build | Farm |
| 18:40 | Create | Villager (Male) |
| 18:41 | Create | Villager (Male) |
| 18:41 | Create | Villager (Male) |
| 18:44 | Build | Farm |
| 18:47 | Build | Farm |
| 18:48 | Build | Farm |
| 18:56 | Create | Villager (Male) |
| 18:56 | Create | Villager (Male) |
| 18:56 | Create | Villager (Male) |
| 18:57 | Create | Villager (Male) |
| 18:57 | Create | Villager (Male) |
| 19:03 | Build | Farm |
| 19:05 | Build | Farm |
| 19:06 | Build | Farm |
| 19:07 | Build | Farm |
| 19:11 | Create | Villager (Male) |
| 19:12 | Create | Villager (Male) |
| 19:14 | Build | Farm |
| 19:24 | Build | House |
| 19:26 | Create | Villager (Male) |
| 19:26 | Create | Villager (Male) |
| 19:26 | Create | Villager (Male) |
| 19:35 | Create | Villager (Male) |
| 19:35 | Create | Villager (Male) |
| 19:39 | Build | Farm |
| 19:43 | Create | Villager (Male) |
| 19:52 | Research | Fervor |
| 19:53 | Research | Fervor |
| 19:53 | Research | Fervor |
| 20:01 | Create | Villager (Male) |
| 20:01 | Create | Villager (Male) |
| 20:01 | Create | Villager (Male) |
| 20:02 | Create | Villager (Male) |
| 20:05 | Create | Villager (Male) |
| 20:05 | Create | Villager (Male) |
| 20:10 | Build | Farm |
| 20:12 | Build | Farm |
| 20:16 | Build | Farm |
| 20:19 | Build | House |
| 20:21 | Create | Villager (Male) |
| 20:26 | Build | House |
| 20:30 | Research | Wheelbarrow |
| 20:30 | Research | Wheelbarrow |
| 20:40 | Create | Villager (Male) |
| 20:41 | Create | Villager (Male) |
| 20:45 | Create | Villager (Male) |
| 20:46 | Create | Villager (Male) |
Match timeline
| 1:56 | EVA | luxfma · wall_segment Palisade Wall x1 |
| 2:02 | EVA | luxfma · wall_segment Palisade Wall x1 |
| 2:04 | EVA | luxfma · wall_segment Palisade Wall x1 |
| 2:06 | EVA | luxfma · wall_segment Palisade Wall x1 |
| 2:08 | EVA | luxfma · wall_segment Palisade Wall x1 |
| 2:13 | EVA | luxfma · wall_segment Palisade Wall x1 |
| 2:16 | EVA | luxfma · wall_segment Palisade Wall x1 |
| 2:21 | EVA | luxfma · wall_segment Palisade Wall x1 |
| 2:28 | EVA | luxfma · wall_segment Palisade Wall x1 |
| 2:32 | EVA | luxfma · wall_segment Palisade Wall x1 |
| 2:35 | EVA | luxfma · wall_segment Palisade Wall x1 |
| 4:13 | ಥಥĐà Lạtಥಥ · wall_segment Palisade Wall x1 |
| 4:18 | ಥಥĐà Lạtಥಥ · wall_segment Palisade Wall x1 |
| 4:24 | ಥಥĐà Lạtಥಥ · wall_segment Palisade Wall x1 |
| 4:28 | ಥಥĐà Lạtಥಥ · wall_segment Palisade Wall x1 |
| 4:30 | ಥಥĐà Lạtಥಥ · wall_segment Palisade Wall x1 |
| 4:31 | ಥಥĐà Lạtಥಥ · wall_segment Palisade Wall x1 |
| 4:44 | ಥಥĐà Lạtಥಥ · wall_segment Palisade Wall x1 |
| 6:35 | Timbrhoggvandi · wall_segment Palisade Wall x2 |
| 6:56 | Timbrhoggvandi · wall_segment Palisade Wall x3 |
| 10:32 | TrickyMicky90 · age_up feudal |
| 10:32 | 西藏天路 · age_up feudal |
| 10:34 | Timbrhoggvandi · age_up feudal |
| 10:57 | Moneimon · age_up feudal |
| 10:58 | Shul · age_up feudal |
| 11:01 | ಥಥĐà Lạtಥಥ · age_up feudal |
| 11:12 | CharChar · age_up feudal |
| 11:24 | Timbrhoggvandi · first_market_sell 100 wood |
| 11:33 | EVA | luxfma · age_up feudal |
| 12:01 | 西藏天路 · first_market_buy 100 food |
| 12:25 | EVA | luxfma · first_market_sell 100 stone |
| 12:26 | EVA | luxfma · first_market_buy 100 food |
| 12:32 | Moneimon · first_market_buy 100 food |
| 12:32 | Moneimon · first_market_sell 100 wood |
| 12:37 | ಥಥĐà Lạtಥಥ · first_market_sell 100 wood |
| 13:14 | EVA | luxfma · wall_segment Palisade Wall x1 |
| 13:18 | EVA | luxfma · wall_segment Palisade Wall x1 |
| 13:21 | EVA | luxfma · wall_segment Palisade Wall x1 |
| 13:23 | EVA | luxfma · wall_segment Palisade Wall x1 |
| 13:24 | EVA | luxfma · wall_segment Palisade Wall x1 |
| 13:54 | 西藏天路 · first_building Barracks |
| 14:04 | TrickyMicky90 · age_up castle |
| 14:04 | Timbrhoggvandi · age_up castle |
| 14:36 | TrickyMicky90 · first_market_buy 100 wood |
| 14:53 | 西藏天路 · age_up castle |
| 15:00 | CharChar · age_up castle |
| 15:13 | 西藏天路 · first_building Monastery |
| 15:13 | EVA | luxfma · age_up castle |
| 15:19 | Moneimon · age_up castle |
| 15:20 | ಥಥĐà Lạtಥಥ · age_up castle |
| 15:25 | EVA | luxfma · first_building Siege Workshop |
| 15:47 | Shul · age_up castle |
| 15:54 | ಥಥĐà Lạtಥಥ · first_building Castle |
| 16:40 | Shul · first_building Castle |
| 16:41 | CharChar · first_market_buy 100 food |
| 18:11 | CharChar · first_building Barracks |
| 18:25 | TrickyMicky90 · first_building Monastery |
| 19:21 | TrickyMicky90 · first_market_sell 100 stone |
| 19:40 | ಥಥĐà Lạtಥಥ · first_building Monastery |
| 20:33 | Timbrhoggvandi · first_market_buy 500 stone |
| 21:01 | Timbrhoggvandi · first_building Castle |
| 21:16 | Timbrhoggvandi · first_building Siege Workshop |
| 21:24 | Timbrhoggvandi · wall_segment Stone Wall x2 |
| 21:30 | Timbrhoggvandi · wall_segment Stone Wall x2 |
| 22:14 | ಥಥĐà Lạtಥಥ · first_building Siege Workshop |
| 23:04 | CharChar · first_building Monastery |
| 23:06 | Moneimon · first_building Monastery |
| 23:27 | Timbrhoggvandi · first_building Monastery |
| 24:22 | TrickyMicky90 · first_building Barracks |
| 24:35 | Moneimon · first_building Barracks |
| 24:51 | 西藏天路 · first_building Castle |
| 25:06 | ಥಥĐà Lạtಥಥ · first_building Barracks |
| 25:19 | Moneimon · first_building Archery Range |
| 25:22 | TrickyMicky90 · first_building Stable |
| 25:24 | TrickyMicky90 · first_building Archery Range |
| 25:25 | CharChar · first_building Castle |
| 25:27 | Moneimon · first_building Siege Workshop |
| 25:44 | ಥಥĐà Lạtಥಥ · first_building Stable |
| 25:55 | TrickyMicky90 · first_building Castle |
| 25:59 | CharChar · first_market_sell 500 food |
| 26:53 | 西藏天路 · first_building Stable |
| 27:19 | Moneimon · first_building Castle |
| 27:27 | Moneimon · age_up imperial |
| 28:15 | CharChar · first_building Archery Range |
| 28:22 | CharChar · first_building Siege Workshop |
| 28:40 | ಥಥĐà Lạtಥಥ · age_up imperial |
| 28:51 | TrickyMicky90 · age_up imperial |
| 29:38 | CharChar · age_up imperial |
| 29:38 | TrickyMicky90 · first_building Siege Workshop |
| 29:52 | 西藏天路 · age_up imperial |
| 29:58 | Shul · first_building Barracks |
| 30:41 | EVA | luxfma · first_building Barracks |
| 31:00 | EVA | luxfma · first_building Monastery |
| 31:00 | Shul · first_market_sell 100 wood |
| 31:24 | Shul · first_building Archery Range |
| 32:08 | Timbrhoggvandi · wall_segment Stone Wall x3 |
| 33:50 | EVA | luxfma · first_building Castle |
| 34:11 | Shul · age_up imperial |
| 34:29 | EVA | luxfma · wall_segment Stone Wall x1 |
| 34:46 | Timbrhoggvandi · first_building Barracks |
| 34:54 | EVA | luxfma · age_up imperial |
| 34:56 | Shul · first_building Siege Workshop |
| 35:59 | Shul · wall_segment Palisade Wall x1 |
| 36:06 | TrickyMicky90 · wall_segment Stone Wall x2 |
| 36:13 | Timbrhoggvandi · first_building Archery Range |
| 37:41 | Shul · wall_segment Palisade Wall x1 |
| 37:50 | Timbrhoggvandi · age_up imperial |
| 37:55 | EVA | luxfma · wall_segment Palisade Wall x1 |
| 38:25 | EVA | luxfma · wall_segment Stone Wall x1 |
| 44:39 | Shul · wall_segment Stone Wall x5 |
| 44:42 | Shul · wall_segment Stone Wall x3 |
| 44:54 | Timbrhoggvandi · first_building Stable |
| 46:51 | Moneimon · tribute_sent a jugador 1 |
| 46:51 | Moneimon · tribute_sent a jugador 3 |
| 46:51 | Moneimon · tribute_sent a jugador 4 |
| 46:51 | Moneimon · tribute_sent a jugador 5 |
| 46:51 | Moneimon · tribute_sent a jugador 6 |
| 46:51 | Moneimon · tribute_sent a jugador 7 |
| 46:51 | Moneimon · tribute_sent a jugador 8 |
| 47:05 | EVA | luxfma · tribute_sent a jugador 1 |
| 47:05 | EVA | luxfma · tribute_sent a jugador 2 |
| 47:05 | EVA | luxfma · tribute_sent a jugador 3 |
| 47:05 | EVA | luxfma · tribute_sent a jugador 5 |
| 47:05 | EVA | luxfma · tribute_sent a jugador 6 |
| 47:05 | EVA | luxfma · tribute_sent a jugador 7 |
| 47:05 | EVA | luxfma · tribute_sent a jugador 8 |
| 47:20 | Shul · wall_segment Stone Wall x1 |
| 48:17 | Shul · wall_segment Stone Wall x1 |
| 48:19 | Shul · wall_segment Stone Wall x6 |
| 48:27 | Moneimon · tribute_sent a jugador 1 |
| 48:27 | Moneimon · tribute_sent a jugador 3 |
| 48:27 | Moneimon · tribute_sent a jugador 4 |
| 48:27 | Moneimon · tribute_sent a jugador 5 |
| 48:27 | Moneimon · tribute_sent a jugador 6 |
| 48:27 | Moneimon · tribute_sent a jugador 7 |
| 48:27 | Moneimon · tribute_sent a jugador 8 |
| 49:05 | Shul · first_building Stable |
| 49:40 | EVA | luxfma · first_building Archery Range |
| 50:10 | Shul · wall_segment Stone Wall x12 |
| 50:56 | Moneimon · tribute_sent a jugador 1 |
| 50:56 | Moneimon · tribute_sent a jugador 3 |
| 50:56 | Moneimon · tribute_sent a jugador 4 |
| 50:56 | Moneimon · tribute_sent a jugador 5 |
| 50:56 | Moneimon · tribute_sent a jugador 6 |
| 50:56 | Moneimon · tribute_sent a jugador 7 |
| 50:56 | Moneimon · tribute_sent a jugador 8 |
| 51:04 | Shul · wall_segment Stone Wall x8 |
| 51:32 | ಥಥĐà Lạtಥಥ · tribute_sent a jugador 2 |
| 51:32 | ಥಥĐà Lạtಥಥ · tribute_sent a jugador 3 |
| 51:32 | ಥಥĐà Lạtಥಥ · tribute_sent a jugador 4 |
| 51:32 | ಥಥĐà Lạtಥಥ · tribute_sent a jugador 5 |
| 51:32 | ಥಥĐà Lạtಥಥ · tribute_sent a jugador 6 |
| 51:32 | ಥಥĐà Lạtಥಥ · tribute_sent a jugador 7 |
| 51:32 | ಥಥĐà Lạtಥಥ · tribute_sent a jugador 8 |
| 51:39 | Shul · wall_segment Stone Wall x16 |
| 54:26 | EVA | luxfma · wall_segment Stone Wall x3 |
| 55:03 | Shul · wall_segment Stone Wall x7 |
| 55:33 | TrickyMicky90 · wall_segment Stone Wall x32 |
| 55:59 | Shul · wall_segment Stone Wall x1 |
| 56:41 | CharChar · first_building Stable |
| 57:08 | TrickyMicky90 · wall_segment Stone Wall x6 |
| 57:12 | Shul · resign |
[ AI ANALYSIS · 1 CREDIT ]
What really happened in this match?
Wolo.gg analyzes every decision: build order, eco, micro, common mistakes by bracket. Personalized analysis on WhatsApp or Discord in 30 seconds.
Civ guide
Vietnamese
Perfil
Jugador #226434